 Dungeon Crawl Stone Soup version 0.28-a0-794-gafe8c5f9e9 (webtiles) character file.

Game seed: 15775397830965280093

270 kae the Caller (level 6, 0/36 HPs)
             Began as a Tengu Summoner on Nov 5, 2021.
             Succumbed to an adder's poison
             ... on level 4 of the Dungeon.
             The game lasted 00:04:07 (5487 turns).

kae the Caller (Tengu Summoner)                     Turns: 5487, Time: 00:04:07

Health: 0/36       AC:  4    Str:  8    XL:     6   Next: 22%
Magic:  6/11       EV: 16    Int: 17    God:
Gold:   186        SH:  0    Dex: 15    Spells: 5/11 levels left

rFire   . . .      SeeInvis .   h - +3 mace
rCold   + . .      Faith    .   (no shield)
rNeg    . . .      Spirit   .   a - +1 robe
rPois   .          Reflect  .   (helmet restricted)
rElec   .          Harm     .   f - +0 cloak
rCorr   .          Rampage  .   (no gloves)
Will    .....                   (boots unavailable)
Stlth   ++........              (no amulet)
HPRegen 0.12/turn               (no ring)
MPRegen 0.12/turn               (no ring)

@: lethally poisoned (0 -> -10), flying quickly and evasively, quick
A: beak, talons 3, nimble flight, horns 1, cold resistance 1
a: no special abilities


You were on level 4 of the Dungeon.
You visited 1 branch of the dungeon, and saw 4 of its levels.

You collected 186 gold pieces.

Inventory:

Hand Weapons
 h - a +3 mace (weapon)
Missiles
 e - a throwing net
Armour
 a - a +1 robe (worn)
 f - a +0 cloak (worn)
Potions
 c - a potion of flight
 k - a potion of mutation


   Skills:
 + Level 2.3 Fighting
 + Level 3.6 Dodging
 - Level 2.0 Stealth
 + Level 3.0 Spellcasting
 * Level 6.7 Summonings


You had 5 spell levels left.
You knew the following spells:

 Your Spells              Type           Power      Damage    Failure   Level
a - Summon Small Mammal   Summ           100%       N/A       1%          1
b - Call Imp              Summ           25%        N/A       1%          2
c - Call Canine Familiar  Summ           25%        N/A       3%          3

Your spell library contained the following spells:

 Spells                   Type           Power      Damage    Failure   Level
 Summon Guardian Golem    Hex/Summ       14%        N/A       13%         3
 Summon Lightning Spire   Summ/Air       14%        N/A       41%         4


Dungeon Overview and Level Annotations

Branches:
Dungeon (4/15)
 Temple: D:4-7

Altars:
Cheibriados


Innate Abilities, Weirdness & Mutations

You have a beak for a mouth.
You have claws for feet.
Your magical nature lets you fly swiftly and evasively.
You have a pair of small horns on your head.
Your flesh is cold resistant. (rC+)


Message History

Found 8 gold pieces.
The hound skeleton moves out of view.
As you read the scroll of teleportation, it crumbles to dust.
You feel strangely unstable. The wyvern bites you.
The wyvern barely misses you.
Your surroundings suddenly seem different.
An adder, a hound and a skeleton come into view.
Found a dagger.
The adder hisses angrily.
You hear a bark!
You hear an angry hiss.
Casting: Call Imp (safe; 1% risk of failure)
Confirm with . or Enter, or press ? or * to list all spells.
The hound skeleton closely misses you. The hound skeleton misses you.
Your hound bites the hound skeleton.
The adder bites you.
You are poisoned.
The adder poisons you!
The hound skeleton completely misses you.
Casting: Call Canine Familiar (dangerous; 3% risk of failure)
Confirm with . or Enter, or press ? or * to list all spells.
A metallic apparition takes form in the air.
You feel sick.
Your hound barely misses the hound skeleton.
The adder closely misses you.
The hound skeleton completely misses you.
Your hound closely misses the hound skeleton.
You feel sick. The adder bites you.
* * * LOW HITPOINT WARNING * * *
You are lethally poisoned!
The adder poisons you!
Your hound bites the hound skeleton.
A ball python comes into view.
Okay, then.
* * * LOW HITPOINT WARNING * * *
You feel sick.
Your hound bites the hound skeleton.
The hound bites your iron imp but does no damage.
The adder bites you.
* * * LOW HITPOINT WARNING * * *
You are more poisoned.
The adder poisons you!
You thump the adder! Your kick misses the adder.
The adder is almost dead.
You die...

.......
...........##
............##
.......#.....#
.###... #....#
.#⌠#...###...#
.###..S......##
...........Z5.#
)..#.#.....hS@#
# .. #....h####
##........#
#....##.##
#...## ### #...
##.


You could see a hound, an adder (ally target), a ball python, a hound skeleton
(ally target), a friendly hound (summoned) and a friendly iron imp (summoned).

Vanquished Creatures
  Jessica (D:3)
  2 adders (D:4)
  A worm (D:3)
  A dart slug (D:2)
  An orc (D:3)
  2 endoplasms
  3 giant cockroaches (D:1)
  2 hobgoblins
  9 jackals
  A quokka (D:1)
  3 ball pythons
  4 bats
  3 frilled lizards (D:3)
  7 goblins
  3 kobolds
  A quokka zombie (D:3)
  8 rats
52 creatures vanquished.

Vanquished Creatures (collateral kills)
  A jelly (D:2)
  Crazy Yiuf (D:2)
  3 gnolls (D:2)
  2 adders (D:3)
  3 worms (D:2)
  A dart slug (D:3)
  3 orcs
  5 ball pythons
  A bat (D:1)
  2 endoplasms
  A giant cockroach (D:1)
  5 goblins
  4 hobgoblins
  5 jackals
  2 quokkas
  2 frilled lizards
  2 kobolds (D:2)
  A rat (D:3)
44 creatures vanquished.

Grand Total: 96 creatures vanquished

Notes
Turn   | Place    | Note
-------+----------+-------------------------------------------
     0 | D:1      | kae the Tengu Summoner began the quest for the Orb.
     0 | D:1      | Reached XP level 1. HP: 10/10 MP: 4/4
   165 | D:1      | Found a faded altar of an unknown god.
   199 | D:1      | Reached skill level 5 in Summonings
   244 | D:1      | Reached XP level 2. HP: 6/16 MP: 3/6
   996 | D:1      | Reached XP level 3. HP: 20/20 MP: 4/7
  1003 | D:1      | Learned a level 2 spell: Call Imp
  1007 | D:1      | Learned a level 3 spell: Call Canine Familiar
  1143 | D:1      | Reached skill level 1 in Fighting
  2588 | D:2      | Reached XP level 4. HP: 24/25 MP: 6/8
  2828 | D:2      | Found a runed translucent door.
  2829 | D:2      | Noticed Crazy Yiuf
  3325 | D:2      | Reached skill level 6 in Summonings
  3325 | D:2      | Gained mutation: Your magical nature lets you fly swiftly
                  | and evasively. [Tengu growth]
  3325 | D:2      | Reached XP level 5. HP: 25/30 MP: 6/9
  3871 | D:2      | Killed Crazy Yiuf
  4379 | D:3      | Found a snail-covered altar of Cheibriados.
  5009 | D:3      | Noticed Jessica
  5023 | D:3      | Killed Jessica
  5024 | D:3      | Reached XP level 6. HP: 25/35 MP: 11/11
  5237 | D:4      | Gained mutation: You have a pair of small horns on your
                  | head. [potion of mutation]
  5237 | D:4      | Gained mutation: Your flesh is cold resistant. (rC+)
                  | [potion of mutation]
  5457 | D:4      | Noticed a wyvern
  5487 | D:4      | Succumbed to an adder's poison

Illustrated notes

Levels and vault maps discovered:
D:1:      amcnicky_arrival_wind_blow, layout_loops_ring,
          hellmonk_ecumenical_altar_leap_of_faith, nrook_mini_backslash,
          minmay_misc_feat_nine_boxes, kennysheep_decorative_pillar,
          minmay_pentomino_t4
D:2:      layout_rooms, uniq_crazy_yiuf_cottage
D:3:      minmay_octagon_keep, layout_loops_ring, lemuel_crystal_altar,
          uniq_jessica
D:4:      minmay_inner_zag, layout_cave_pools, serial_glass, glass_columns_a,
          glass_columns_a, item_on_display_a, feat_on_display,
          roderic_serpentine_path

Skill      XL: |  1  2  3  4  5 |
---------------+----------------+-----
Summonings     | 5 6 |  6.7
Fighting       | 1 2 |  2.3
Dodging        | 3 |  3.6
Spellcasting   | 3 |  3.0
Stealth        | |  2.0

Action                   |  1- 3 |  4- 6 || total
-------------------------+-------+-------++-------
Melee: Unarmed           |    30 |       ||    30
       Kick              |    27 |    22 ||    49
       Dagger            |    76 |    30 ||   106
       Peck              |     5 |    17 ||    22
       Mace              |       |    67 ||    67
       Headbutt          |       |     1 ||     1
 Cast: Summon Small Mamm |    38 |    25 ||    63
       Call Imp          |     4 |    20 ||    24
       Call Canine Famil |       |     2 ||     2
  Use: Scroll            |     2 |     4 ||     6
       Potion            |     2 |     3 ||     5
 Stab: Sleeping          |     3 |     2 ||     5
       Distracted        |     1 |       ||     1
Armor: Robe              |    24 |    26 ||    50
       Skin              |    20 |       ||    20
Dodge: Dodged            |    89 |   119 ||   208

Table legend: (Time is in decaauts)
 A = Elapsed time spent in this place.
 B = Non-inter-level travel time spent in this place.
 C = Inter-level travel time spent in this place.
 D = Time resting spent in this place.
 E = Time spent auto-exploring this place.
 F = Levels seen in this place.
 G = Mean time per level.
                   A        B        C        D        E       F      G
               +--------+--------+--------+--------+--------+-----+--------+
         Total |   5407 |   5274 |    133 |    420 |   3994 |   4 | 1351.8 |
       Dungeon |   5407 |   5274 |    133 |    420 |   3994 |   4 | 1351.8 |
               +--------+--------+--------+--------+--------+-----+--------+

Top non-repeatable levels by time:
     D:1: 2390 daAuts
     D:2: 1554 daAuts
     D:3: 1239 daAuts
     D:4: 223 daAuts
